[ AOE2 MATCH · #463296196 ]
Team RMTeutons vs Khmer
[ REPLAY ANALYSIS · EXTRACTED FROM THE RECORDED GAME ]
Feudal
8:35
Castle
23:40
Imperial
—
| APM avg | 25.9 |
| APM peak | 57 |
| eAPM avg | 12.9 |
| Villagers / military | 79 / 29 |
Focus
⚔️ 24.2% · 🌾 75.8%
Knight ×29
Feudal
9:44
Castle
21:15
Imperial
—
| APM avg | 69.9 |
| APM peak | 208 |
| eAPM avg | 29.2 |
| Villagers / military | 187 / 128 |
Focus
⚔️ 33.0% · 🌾 67.0%
Knight ×100 · Battering Ram ×14 · Kipchak ×11 · Scorpion ×2 · Monk ×1
Feudal
8:40
Castle
19:57
Imperial
40:23
| APM avg | 29.8 |
| APM peak | 66 |
| eAPM avg | 17.4 |
| Villagers / military | 133 / 148 |
Focus
⚔️ 33.7% · 🌾 66.3%
Knight ×85 · Camel Scout ×32 · Militia ×23 · Battering Ram ×6 · Mangonel ×1 · Trebuchet (Packed) ×1
Feudal
10:34
Castle
13:16
Imperial
29:00
| APM avg | 32.2 |
| APM peak | 55 |
| eAPM avg | 18.7 |
| Villagers / military | 172 / 115 |
Focus
⚔️ 32.7% · 🌾 67.3%
Scout Cavalry ×55 · Scorpion ×44 · Mangonel ×7 · Trebuchet (Packed) ×7 · Monk ×1 · Battering Ram ×1
Feudal
10:06
Castle
13:39
Imperial
33:14
| APM avg | 39.2 |
| APM peak | 77 |
| eAPM avg | 18.3 |
| Villagers / military | 184 / 103 |
Focus
⚔️ 36.1% · 🌾 63.9%
Spearman ×93 · Mangonel ×7 · Trebuchet (Packed) ×3
Feudal
11:52
Castle
15:50
Imperial
34:07
| APM avg | 49.8 |
| APM peak | 119 |
| eAPM avg | 12.1 |
| Villagers / military | 93 / 41 |
Focus
⚔️ 23.1% · 🌾 76.9%
War Wagon ×37 · Bombard Cannon ×4
Feudal
9:48
Castle
22:32
Imperial
36:46
| APM avg | 51.0 |
| APM peak | 96 |
| eAPM avg | 31.2 |
| Villagers / military | 139 / 106 |
Focus
⚔️ 36.0% · 🌾 64.0%
Spearman ×49 · Archer ×22 · Berserk ×20 · Battering Ram ×9 · Skirmisher ×4 · Scorpion ×2
Feudal
11:00
Castle
15:49
Imperial
35:48
| APM avg | 48.6 |
| APM peak | 83 |
| eAPM avg | 20.8 |
| Villagers / military | 133 / 87 |
Focus
⚔️ 21.9% · 🌾 78.1%
Spearman ×52 · Scorpion ×13 · Woad Raider ×13 · Battering Ram ×5 · Mangonel ×4
Match map
Resources at game start + every placement click. Thick line = wall · dashed box = detected house wall. 🟡 gold · ⚪ stone · 🟢 berries · 🔶 boar · ⭕ relic
Inputs per minute
— True-Name aka tizteezy - - BARAKA wins!
Build order — True-Name aka tizteezy
First 150 of 197 actions detected
| 0:02 | Create | Villager (Male) |
| 0:02 | Create | Villager (Male) |
| 0:04 | Build | House |
| 0:05 | Build | House |
| 0:16 | Create | Villager (Male) |
| 0:16 | Create | Villager (Male) |
| 0:17 | Create | Villager (Male) |
| 1:32 | Create | Villager (Male) |
| 1:33 | Create | Villager (Male) |
| 1:52 | Build | Lumber Camp |
| 1:53 | Create | Villager (Male) |
| 2:31 | Create | Villager (Male) |
| 2:31 | Create | Villager (Male) |
| 3:02 | Create | Villager (Male) |
| 3:02 | Create | Villager (Male) |
| 3:23 | Create | Villager (Male) |
| 3:23 | Create | Villager (Male) |
| 3:56 | Build | House |
| 4:11 | Create | Villager (Male) |
| 4:23 | Create | Villager (Male) |
| 4:26 | Create | Villager (Male) |
| 4:30 | Build | Mill |
| 4:46 | Create | Villager (Male) |
| 5:25 | Create | Villager (Male) |
| 5:34 | Research | Loom |
| 6:25 | Research | Feudal Age |
| 6:47 | Build | Mining Camp |
| 7:52 | Build | House |
| 8:35 | Age | Feudal Age |
| 8:36 | Build | Watch Tower |
| 8:50 | Create | Villager (Male) |
| 8:58 | Create | Villager (Male) |
| 9:17 | Create | Villager (Male) |
| 9:32 | Research | Double-Bit Axe |
| 10:06 | Create | Villager (Male) |
| 10:38 | Create | Villager (Male) |
| 11:34 | Create | Villager (Male) |
| 11:43 | Create | Villager (Male) |
| 12:03 | Create | Villager (Male) |
| 12:11 | Build | Mill |
| 12:35 | Build | Watch Tower |
| 13:16 | Build | House |
| 13:22 | Build | Blacksmith |
| 13:25 | Build | House |
| 13:39 | Build | Watch Tower |
| 13:43 | Build | House |
| 14:03 | Build | House |
| 14:12 | Create | Villager (Male) |
| 14:12 | Create | Villager (Male) |
| 14:24 | Create | Villager (Male) |
| 15:05 | Create | Villager (Male) |
| 15:12 | Build | Farm |
| 15:17 | Build | Farm |
| 15:17 | Build | Farm |
| 15:18 | Build | Farm |
| 15:18 | Build | Farm |
| 15:18 | Build | Farm |
| 15:35 | Research | Fletching |
| 15:48 | Build | Farm |
| 15:49 | Build | Farm |
| 16:14 | Create | Villager (Male) |
| 16:19 | Create | Villager (Male) |
| 16:33 | Build | Farm |
| 16:37 | Build | Farm |
| 16:38 | Build | Farm |
| 16:39 | Build | Farm |
| 16:39 | Build | Farm |
| 16:39 | Build | Farm |
| 16:40 | Build | Farm |
| 16:40 | Build | Farm |
| 16:40 | Build | Farm |
| 16:45 | Create | Villager (Male) |
| 17:20 | Create | Villager (Male) |
| 17:27 | Build | Farm |
| 18:04 | Build | Watch Tower |
| 18:34 | Create | Villager (Male) |
| 18:44 | Build | House |
| 19:44 | Create | Villager (Male) |
| 19:47 | Build | Market |
| 20:24 | Build | House |
| 20:27 | Create | Villager (Male) |
| 20:52 | Create | Villager (Male) |
| 20:59 | Research | Castle Age |
| 21:57 | Create | Villager (Male) |
| 22:19 | Build | House |
| 22:22 | Build | Barracks |
| 22:23 | Create | Villager (Male) |
| 22:31 | Research | Horse Collar |
| 22:55 | Build | Archery Range |
| 22:59 | Build | Stable |
| 23:07 | Build | Mining Camp |
| 23:14 | Create | Villager (Male) |
| 23:38 | Research | Scale Barding Armor |
| 23:40 | Age | Castle Age |
| 23:58 | Create | Knight |
| 24:15 | Create | Knight |
| 24:30 | Create | Knight |
| 24:48 | Create | Villager (Male) |
| 25:07 | Create | Villager (Male) |
| 25:20 | Create | Villager (Male) |
| 25:31 | Create | Villager (Male) |
| 25:37 | Build | Stable |
| 25:54 | Create | Knight |
| 25:57 | Create | Knight |
| 25:58 | Create | Villager (Male) |
| 26:00 | Create | Knight |
| 26:02 | Create | Villager (Male) |
| 26:22 | Create | Knight |
| 26:33 | Create | Knight |
| 26:33 | Create | Villager (Male) |
| 26:50 | Create | Knight |
| 26:57 | Build | Mining Camp |
| 27:18 | Create | Villager (Male) |
| 27:28 | Research | Gold Mining |
| 27:30 | Research | Bow Saw |
| 27:35 | Create | Knight |
| 27:35 | Create | Knight |
| 27:47 | Create | Villager (Male) |
| 27:53 | Research | Wheelbarrow |
| 27:53 | Research | Wheelbarrow |
| 27:55 | Create | Knight |
| 27:56 | Create | Villager (Male) |
| 27:57 | Create | Knight |
| 27:58 | Create | Knight |
| 28:17 | Create | Knight |
| 28:25 | Create | Villager (Male) |
| 28:32 | Build | House |
| 28:33 | Build | House |
| 28:34 | Build | House |
| 29:18 | Build | House |
| 29:19 | Build | House |
| 29:19 | Build | House |
| 29:19 | Build | House |
| 29:19 | Build | House |
| 29:27 | Research | Bloodlines |
| 29:27 | Research | Bloodlines |
| 29:28 | Research | Chain Barding Armor |
| 29:28 | Research | Chain Barding Armor |
| 29:29 | Create | Knight |
| 29:41 | Create | Knight |
| 29:51 | Create | Villager (Male) |
| 29:52 | Create | Villager (Male) |
| 29:56 | Create | Knight |
| 30:11 | Create | Villager (Male) |
| 30:18 | Build | Farm |
| 30:19 | Build | Farm |
| 30:19 | Build | Farm |
| 30:21 | Create | Villager (Male) |
| 30:33 | Create | Knight |
| 30:45 | Create | Knight |
Build order — BARAKA wins!
First 150 of 535 actions detected
| 0:00 | Create | Villager (Male) |
| 0:01 | Create | Villager (Male) |
| 0:01 | Create | Villager (Male) |
| 0:01 | Create | Villager (Male) |
| 0:02 | Build | House |
| 0:03 | Build | House |
| 0:05 | Build | House |
| 1:28 | Create | Villager (Male) |
| 1:28 | Create | Villager (Male) |
| 1:58 | Create | Villager (Male) |
| 1:58 | Create | Villager (Male) |
| 2:34 | Create | Villager (Male) |
| 2:34 | Create | Villager (Male) |
| 3:03 | Create | Villager (Male) |
| 3:08 | Build | Lumber Camp |
| 3:19 | Create | Villager (Male) |
| 3:19 | Create | Villager (Male) |
| 3:37 | Create | Villager (Male) |
| 3:37 | Create | Villager (Male) |
| 3:56 | Create | Villager (Male) |
| 4:31 | Create | Villager (Male) |
| 4:56 | Create | Villager (Male) |
| 4:56 | Create | Villager (Male) |
| 5:03 | Create | Villager (Male) |
| 5:21 | Create | Villager (Male) |
| 5:24 | Create | Villager (Male) |
| 5:39 | Create | Villager (Male) |
| 5:39 | Create | Villager (Male) |
| 5:43 | Build | House |
| 6:02 | Create | Villager (Male) |
| 6:03 | Create | Villager (Male) |
| 6:19 | Create | Villager (Male) |
| 6:19 | Create | Villager (Male) |
| 6:30 | Build | Mill |
| 6:43 | Create | Villager (Male) |
| 6:44 | Create | Villager (Male) |
| 6:55 | Create | Villager (Male) |
| 7:24 | Research | Feudal Age |
| 9:21 | Create | Villager (Male) |
| 9:21 | Create | Villager (Male) |
| 9:44 | Age | Feudal Age |
| 9:57 | Build | Town Center |
| 10:09 | Build | House |
| 10:12 | Research | Loom |
| 10:28 | Build | House |
| 10:31 | Create | Villager (Male) |
| 10:48 | Create | Villager (Male) |
| 10:49 | Create | Villager (Male) |
| 10:55 | Research | Double-Bit Axe |
| 11:46 | Create | Villager (Male) |
| 11:46 | Create | Villager (Male) |
| 11:50 | Research | Horse Collar |
| 11:50 | Create | Villager (Male) |
| 11:50 | Create | Villager (Male) |
| 12:04 | Create | Villager (Male) |
| 12:05 | Create | Villager (Male) |
| 12:13 | Create | Villager (Male) |
| 12:13 | Create | Villager (Male) |
| 12:18 | Build | Farm |
| 12:18 | Build | Farm |
| 12:18 | Build | Farm |
| 12:19 | Build | Farm |
| 12:19 | Build | Farm |
| 12:19 | Build | Farm |
| 12:32 | Create | Villager (Male) |
| 12:36 | Create | Villager (Male) |
| 12:49 | Create | Villager (Male) |
| 12:49 | Create | Villager (Male) |
| 12:56 | Create | Villager (Male) |
| 12:58 | Create | Villager (Male) |
| 13:01 | Create | Villager (Male) |
| 13:05 | Build | Farm |
| 13:06 | Create | Villager (Male) |
| 13:06 | Create | Villager (Male) |
| 13:09 | Build | House |
| 13:10 | Build | House |
| 13:10 | Build | House |
| 13:10 | Build | House |
| 13:10 | Build | House |
| 13:10 | Build | House |
| 13:14 | Build | Farm |
| 13:14 | Build | Farm |
| 13:15 | Build | Farm |
| 13:15 | Build | Farm |
| 13:16 | Build | Farm |
| 13:16 | Build | Farm |
| 13:16 | Build | Farm |
| 13:22 | Build | Farm |
| 13:23 | Create | Villager (Male) |
| 13:58 | Build | Farm |
| 13:58 | Create | Villager (Male) |
| 13:59 | Create | Villager (Male) |
| 14:04 | Build | Farm |
| 14:04 | Build | Farm |
| 14:04 | Build | Farm |
| 14:04 | Build | Farm |
| 14:04 | Build | Farm |
| 14:08 | Build | Farm |
| 14:17 | Create | Villager (Male) |
| 14:17 | Create | Villager (Male) |
| 14:27 | Build | House |
| 14:32 | Build | House |
| 14:58 | Build | Farm |
| 14:59 | Build | Farm |
| 15:04 | Create | Villager (Male) |
| 15:08 | Build | House |
| 15:12 | Build | Farm |
| 15:13 | Create | Villager (Male) |
| 15:13 | Create | Villager (Male) |
| 15:14 | Create | Villager (Male) |
| 15:32 | Create | Villager (Male) |
| 15:32 | Create | Villager (Male) |
| 15:40 | Build | Mining Camp |
| 15:49 | Build | Farm |
| 15:50 | Create | Villager (Male) |
| 15:51 | Create | Villager (Male) |
| 15:51 | Create | Villager (Male) |
| 16:06 | Build | Farm |
| 16:13 | Build | Farm |
| 16:27 | Build | Farm |
| 16:29 | Create | Villager (Male) |
| 16:29 | Create | Villager (Male) |
| 16:37 | Build | Farm |
| 16:44 | Create | Villager (Male) |
| 16:51 | Build | Farm |
| 17:03 | Create | Villager (Male) |
| 17:03 | Create | Villager (Male) |
| 17:17 | Build | Market |
| 17:22 | Create | Villager (Male) |
| 17:27 | Create | Villager (Male) |
| 17:40 | Build | Blacksmith |
| 17:45 | Build | Farm |
| 18:01 | Create | Villager (Male) |
| 18:01 | Create | Villager (Male) |
| 18:11 | Research | Gold Mining |
| 18:11 | Research | Gold Mining |
| 18:25 | Build | Farm |
| 18:28 | Build | Farm |
| 18:35 | Research | Castle Age |
| 18:37 | Create | Villager (Male) |
| 18:37 | Create | Villager (Male) |
| 18:44 | Build | Barracks |
| 19:10 | Create | Villager (Male) |
| 19:10 | Create | Villager (Male) |
| 19:20 | Build | Farm |
| 19:21 | Build | Farm |
| 19:23 | Build | Farm |
| 19:31 | Build | Farm |
| 19:50 | Build | Stable |
| 20:01 | Research | Scale Barding Armor |
Build order — alexgelas
First 150 of 390 actions detected
| 0:01 | Create | Villager (Male) |
| 0:01 | Create | Villager (Male) |
| 0:01 | Create | Villager (Male) |
| 0:02 | Build | House |
| 0:04 | Build | House |
| 0:13 | Create | Villager (Male) |
| 1:27 | Create | Villager (Male) |
| 1:59 | Create | Villager (Male) |
| 2:28 | Create | Villager (Male) |
| 2:51 | Create | Villager (Male) |
| 3:02 | Build | Mill |
| 3:21 | Create | Villager (Male) |
| 3:32 | Create | Villager (Male) |
| 3:41 | Build | House |
| 3:45 | Build | House |
| 4:10 | Create | Villager (Male) |
| 4:19 | Create | Villager (Male) |
| 4:33 | Create | Villager (Male) |
| 4:56 | Create | Villager (Male) |
| 5:08 | Create | Villager (Male) |
| 5:08 | Create | Villager (Male) |
| 5:16 | Build | Lumber Camp |
| 6:30 | Research | Feudal Age |
| 7:08 | Create | Villager (Male) |
| 7:17 | Build | House |
| 8:40 | Age | Feudal Age |
| 8:50 | Build | Town Center |
| 8:55 | Create | Villager (Male) |
| 8:55 | Create | Villager (Male) |
| 8:57 | Create | Villager (Male) |
| 9:02 | Research | Double-Bit Axe |
| 9:30 | Research | Horse Collar |
| 9:47 | Build | Farm |
| 10:07 | Create | Villager (Male) |
| 10:13 | Build | Farm |
| 10:16 | Create | Villager (Male) |
| 10:23 | Build | Farm |
| 10:30 | Create | Villager (Male) |
| 10:38 | Build | House |
| 10:58 | Build | Farm |
| 11:06 | Build | Farm |
| 11:09 | Create | Villager (Male) |
| 11:16 | Create | Villager (Male) |
| 11:17 | Create | Villager (Male) |
| 11:22 | Build | Farm |
| 11:25 | Create | Villager (Male) |
| 11:34 | Build | Farm |
| 11:38 | Create | Villager (Male) |
| 11:46 | Build | Farm |
| 12:00 | Build | Farm |
| 12:01 | Create | Villager (Male) |
| 12:09 | Create | Villager (Male) |
| 12:14 | Build | Farm |
| 12:32 | Create | Villager (Male) |
| 12:33 | Create | Villager (Male) |
| 12:57 | Create | Villager (Male) |
| 12:58 | Create | Villager (Male) |
| 13:09 | Build | Farm |
| 13:22 | Build | House |
| 13:28 | Research | Wheelbarrow |
| 13:32 | Research | Loom |
| 13:32 | Research | Town Watch |
| 13:36 | Build | House |
| 13:48 | Build | House |
| 13:51 | Create | Villager (Male) |
| 13:52 | Create | Villager (Male) |
| 14:18 | Create | Villager (Male) |
| 14:18 | Create | Villager (Male) |
| 14:18 | Create | Villager (Male) |
| 14:27 | Build | Blacksmith |
| 14:32 | Build | Farm |
| 14:34 | Build | Farm |
| 14:37 | Build | Farm |
| 14:50 | Build | House |
| 14:53 | Build | Barracks |
| 14:59 | Build | Farm |
| 15:23 | Create | Villager (Male) |
| 15:23 | Create | Villager (Male) |
| 15:23 | Create | Villager (Male) |
| 15:24 | Create | Villager (Male) |
| 15:31 | Build | Mining Camp |
| 15:45 | Create | Villager (Male) |
| 15:46 | Create | Villager (Male) |
| 15:55 | Build | Stable |
| 16:13 | Build | Farm |
| 16:20 | Create | Villager (Male) |
| 16:20 | Create | Villager (Male) |
| 16:26 | Build | Farm |
| 16:38 | Build | Farm |
| 16:40 | Build | Farm |
| 16:44 | Build | Farm |
| 16:47 | Build | Farm |
| 17:02 | Build | House |
| 17:03 | Build | House |
| 17:04 | Build | House |
| 17:05 | Build | House |
| 17:11 | Create | Villager (Male) |
| 17:17 | Research | Castle Age |
| 17:36 | Build | Stable |
| 17:40 | Create | Villager (Male) |
| 17:40 | Create | Villager (Male) |
| 17:50 | Build | Farm |
| 17:51 | Build | Farm |
| 17:51 | Build | Farm |
| 17:51 | Build | Farm |
| 17:51 | Build | Farm |
| 18:00 | Create | Villager (Male) |
| 18:05 | Research | Scale Barding Armor |
| 18:19 | Research | Bloodlines |
| 18:30 | Create | Villager (Male) |
| 18:38 | Research | Gold Mining |
| 19:03 | Build | Stable |
| 19:05 | Create | Villager (Male) |
| 19:05 | Create | Villager (Male) |
| 19:15 | Create | Villager (Male) |
| 19:15 | Create | Villager (Male) |
| 19:25 | Create | Villager (Male) |
| 19:36 | Research | Forging |
| 19:57 | Age | Castle Age |
| 19:59 | Create | Knight |
| 19:59 | Create | Knight |
| 19:59 | Create | Knight |
| 20:04 | Create | Knight |
| 20:05 | Create | Knight |
| 20:05 | Create | Knight |
| 20:17 | Build | Town Center |
| 20:22 | Create | Villager (Male) |
| 20:22 | Create | Villager (Male) |
| 20:30 | Build | House |
| 20:32 | Build | House |
| 20:32 | Build | House |
| 20:46 | Research | Chain Barding Armor |
| 21:14 | Create | Knight |
| 21:15 | Create | Knight |
| 21:15 | Create | Knight |
| 21:18 | Create | Villager (Male) |
| 21:19 | Create | Villager (Male) |
| 21:34 | Build | House |
| 21:35 | Create | Knight |
| 21:35 | Create | Knight |
| 21:36 | Create | Villager (Male) |
| 21:36 | Create | Villager (Male) |
| 22:23 | Create | Knight |
| 22:23 | Create | Knight |
| 22:23 | Create | Knight |
| 22:24 | Create | Villager (Male) |
| 22:24 | Create | Villager (Male) |
| 22:24 | Create | Villager (Male) |
| 22:25 | Create | Villager (Male) |
| 22:25 | Create | Villager (Male) |
Build order — HaNnibal
First 150 of 398 actions detected
| 0:01 | Create | Villager (Male) |
| 0:02 | Build | House |
| 0:04 | Build | House |
| 0:09 | Create | Villager (Male) |
| 0:10 | Create | Villager (Male) |
| 0:10 | Create | Villager (Male) |
| 0:10 | Create | Villager (Male) |
| 1:22 | Create | Villager (Male) |
| 1:23 | Create | Villager (Male) |
| 2:01 | Create | Villager (Male) |
| 2:07 | Build | Lumber Camp |
| 2:33 | Create | Villager (Male) |
| 2:34 | Create | Villager (Male) |
| 2:51 | Create | Villager (Male) |
| 3:44 | Create | Villager (Male) |
| 3:56 | Build | House |
| 3:57 | Build | House |
| 4:00 | Create | Villager (Male) |
| 4:28 | Create | Villager (Male) |
| 4:29 | Create | Villager (Male) |
| 4:34 | Create | Villager (Male) |
| 4:34 | Create | Villager (Male) |
| 5:01 | Create | Villager (Male) |
| 5:08 | Create | Villager (Male) |
| 5:08 | Create | Villager (Male) |
| 5:16 | Create | Villager (Male) |
| 5:34 | Create | Villager (Male) |
| 5:36 | Create | Villager (Male) |
| 6:00 | Create | Villager (Male) |
| 6:19 | Build | Mill |
| 7:30 | Build | Mining Camp |
| 7:45 | Research | Feudal Age |
| 9:31 | Create | Villager (Male) |
| 10:34 | Age | Feudal Age |
| 10:36 | Research | Castle Age |
| 10:36 | Research | Castle Age |
| 10:39 | Research | Horse Collar |
| 10:51 | Research | Double-Bit Axe |
| 11:48 | Build | Farm |
| 11:57 | Build | Farm |
| 12:01 | Build | Farm |
| 13:16 | Age | Castle Age |
| 13:18 | Build | Town Center |
| 13:18 | Create | Villager (Male) |
| 13:27 | Build | Town Center |
| 13:36 | Create | Villager (Male) |
| 13:40 | Build | Farm |
| 13:57 | Research | Wheelbarrow |
| 14:58 | Create | Villager (Male) |
| 14:59 | Create | Villager (Male) |
| 14:59 | Create | Villager (Male) |
| 15:00 | Create | Villager (Male) |
| 15:19 | Create | Villager (Male) |
| 15:20 | Create | Villager (Male) |
| 15:20 | Create | Villager (Male) |
| 15:20 | Create | Villager (Male) |
| 15:24 | Build | Farm |
| 15:26 | Build | Farm |
| 15:36 | Build | Farm |
| 15:41 | Build | Farm |
| 15:55 | Create | Villager (Male) |
| 15:55 | Create | Villager (Male) |
| 15:56 | Create | Villager (Male) |
| 16:03 | Build | Farm |
| 16:08 | Build | Farm |
| 16:15 | Create | Villager (Male) |
| 16:17 | Build | Farm |
| 16:20 | Build | House |
| 16:27 | Build | House |
| 16:29 | Build | House |
| 16:30 | Build | House |
| 16:30 | Build | House |
| 16:35 | Create | Villager (Male) |
| 16:36 | Create | Villager (Male) |
| 16:39 | Build | Farm |
| 16:44 | Create | Villager (Male) |
| 17:00 | Create | Villager (Male) |
| 17:02 | Create | Villager (Male) |
| 17:07 | Build | Town Center |
| 17:16 | Build | Farm |
| 17:20 | Build | Farm |
| 17:24 | Create | Villager (Male) |
| 17:24 | Create | Villager (Male) |
| 17:29 | Build | Farm |
| 17:34 | Create | Villager (Male) |
| 17:34 | Create | Villager (Male) |
| 17:36 | Build | Farm |
| 17:51 | Create | Villager (Male) |
| 17:52 | Create | Villager (Male) |
| 18:02 | Create | Villager (Male) |
| 18:02 | Create | Villager (Male) |
| 18:09 | Create | Villager (Male) |
| 18:09 | Create | Villager (Male) |
| 18:22 | Build | Siege Workshop |
| 18:25 | Create | Villager (Male) |
| 18:26 | Create | Villager (Male) |
| 18:33 | Create | Villager (Male) |
| 18:33 | Create | Villager (Male) |
| 18:35 | Build | Farm |
| 18:36 | Build | Farm |
| 18:38 | Build | Farm |
| 18:41 | Create | Villager (Male) |
| 18:46 | Build | Farm |
| 18:48 | Research | Loom |
| 18:51 | Build | Farm |
| 18:51 | Create | Villager (Male) |
| 18:52 | Create | Villager (Male) |
| 18:53 | Build | House |
| 18:55 | Build | House |
| 18:59 | Create | Villager (Male) |
| 19:00 | Create | Villager (Male) |
| 19:03 | Build | Farm |
| 19:07 | Build | Farm |
| 19:08 | Create | Villager (Male) |
| 19:11 | Build | Farm |
| 19:13 | Build | Farm |
| 19:14 | Create | Villager (Male) |
| 19:14 | Create | Villager (Male) |
| 19:23 | Build | Farm |
| 19:24 | Build | Farm |
| 19:24 | Create | Villager (Male) |
| 19:25 | Create | Villager (Male) |
| 19:25 | Create | Villager (Male) |
| 19:27 | Build | House |
| 19:31 | Create | Villager (Male) |
| 19:31 | Create | Villager (Male) |
| 19:34 | Build | Farm |
| 19:37 | Create | Villager (Male) |
| 19:37 | Create | Villager (Male) |
| 19:58 | Create | Villager (Male) |
| 19:58 | Create | Villager (Male) |
| 19:59 | Create | Villager (Male) |
| 19:59 | Create | Villager (Male) |
| 20:02 | Build | University |
| 20:04 | Build | House |
| 20:05 | Build | House |
| 20:19 | Create | Villager (Male) |
| 20:20 | Create | Villager (Male) |
| 20:20 | Create | Villager (Male) |
| 20:21 | Create | Villager (Male) |
| 20:32 | Research | Bow Saw |
| 20:32 | Research | Bow Saw |
| 20:43 | Research | Heavy Plow |
| 20:54 | Build | Farm |
| 20:56 | Build | Farm |
| 20:57 | Create | Villager (Male) |
| 20:57 | Create | Villager (Male) |
| 20:58 | Create | Villager (Male) |
| 20:58 | Create | Villager (Male) |
| 21:01 | Build | Farm |
Build order — jude
First 150 of 290 actions detected
| 0:01 | Create | Villager (Male) ×4 |
| 0:01 | Create | Villager (Male) ×4 |
| 0:03 | Build | House |
| 0:04 | Build | House |
| 1:23 | Create | Villager (Male) |
| 1:45 | Build | Lumber Camp |
| 1:58 | Create | Villager (Male) |
| 2:28 | Create | Villager (Male) |
| 2:52 | Create | Villager (Male) |
| 2:53 | Create | Villager (Male) |
| 2:53 | Create | Villager (Male) |
| 3:45 | Create | Villager (Male) |
| 3:51 | Build | House |
| 4:04 | Create | Villager (Male) |
| 4:11 | Build | House |
| 4:27 | Create | Villager (Male) |
| 4:42 | Create | Villager (Male) |
| 4:57 | Build | Mill |
| 5:00 | Create | Villager (Male) |
| 5:15 | Create | Villager (Male) |
| 6:15 | Create | Villager (Male) |
| 6:21 | Create | Villager (Male) |
| 6:34 | Create | Villager (Male) |
| 6:46 | Create | Villager (Male) |
| 6:51 | Create | Villager (Male) |
| 6:54 | Create | Villager (Male) |
| 7:34 | Build | Mining Camp |
| 7:43 | Build | Farm |
| 7:44 | Build | Farm |
| 7:50 | Research | Feudal Age |
| 8:12 | Create | Villager (Male) |
| 8:12 | Create | Villager (Male) |
| 10:06 | Age | Feudal Age |
| 10:09 | Build | Market |
| 10:11 | Build | Blacksmith |
| 10:59 | Research | Castle Age |
| 11:34 | Research | Double-Bit Axe |
| 12:53 | Research | Horse Collar |
| 13:16 | Build | House |
| 13:30 | Create | Villager (Male) |
| 13:30 | Create | Villager (Male) |
| 13:35 | Create | Villager (Male) |
| 13:39 | Age | Castle Age |
| 13:41 | Build | Town Center |
| 13:44 | Build | Town Center |
| 13:51 | Build | House |
| 14:00 | Build | Farm |
| 14:03 | Create | Villager (Male) |
| 14:30 | Build | House |
| 14:40 | Research | Bow Saw |
| 14:46 | Build | Farm |
| 14:50 | Create | Villager (Male) |
| 15:03 | Build | Farm |
| 15:09 | Create | Villager (Male) ×5 |
| 15:09 | Create | Villager (Male) |
| 15:13 | Build | House |
| 15:27 | Build | Farm |
| 15:30 | Create | Villager (Male) |
| 15:32 | Build | Farm |
| 15:42 | Create | Villager (Male) ×3 |
| 15:42 | Create | Villager (Male) ×3 |
| 15:44 | Build | Farm |
| 15:49 | Build | Farm |
| 15:54 | Build | Farm |
| 15:56 | Build | House |
| 16:00 | Build | Farm |
| 16:05 | Create | Villager (Male) |
| 16:05 | Create | Villager (Male) |
| 16:16 | Build | Farm |
| 16:18 | Build | Farm |
| 16:21 | Create | Villager (Male) |
| 16:25 | Create | Villager (Male) |
| 16:26 | Build | Farm |
| 16:29 | Build | House |
| 16:38 | Build | Farm |
| 16:43 | Build | Farm |
| 16:45 | Create | Villager (Male) |
| 16:48 | Create | Villager (Male) |
| 16:52 | Create | Villager (Male) |
| 16:56 | Build | Farm |
| 16:59 | Build | House |
| 17:03 | Build | Farm |
| 17:11 | Create | Villager (Male) |
| 17:11 | Create | Villager (Male) |
| 17:14 | Create | Villager (Male) |
| 17:17 | Build | Farm |
| 17:29 | Create | Villager (Male) |
| 17:32 | Build | House |
| 17:35 | Create | Villager (Male) |
| 17:40 | Build | Farm |
| 17:44 | Create | Villager (Male) |
| 17:50 | Build | Farm |
| 17:52 | Create | Villager (Male) |
| 17:57 | Build | Mining Camp |
| 18:00 | Create | Villager (Male) |
| 18:09 | Build | House |
| 18:14 | Create | Villager (Male) ×2 |
| 18:18 | Build | Farm |
| 18:25 | Build | Farm |
| 18:29 | Build | Farm |
| 18:31 | Create | Villager (Male) |
| 18:32 | Create | Villager (Male) |
| 18:32 | Research | Loom |
| 18:41 | Build | Farm |
| 18:44 | Create | Villager (Male) |
| 18:48 | Build | Farm |
| 18:51 | Create | Villager (Male) |
| 18:56 | Build | Outpost |
| 18:58 | Create | Villager (Male) |
| 19:00 | Build | Farm |
| 19:01 | Create | Villager (Male) |
| 19:03 | Build | Farm |
| 19:16 | Build | Stone Wall |
| 19:23 | Create | Villager (Male) ×3 |
| 19:25 | Build | Siege Workshop |
| 19:44 | Build | House |
| 19:46 | Research | Loom |
| 19:48 | Create | Villager (Male) ×4 |
| 20:02 | Create | Mangonel |
| 20:02 | Create | Villager (Male) ×2 |
| 20:27 | Create | Villager (Male) ×3 |
| 20:33 | Research | Fletching |
| 21:03 | Build | Barracks |
| 21:09 | Create | Mangonel |
| 21:21 | Build | House |
| 21:26 | Build | House |
| 21:45 | Research | Bodkin Arrow |
| 22:01 | Build | House |
| 22:04 | Build | House |
| 22:09 | Build | House |
| 22:11 | Build | House |
| 22:16 | Build | Palisade Wall |
| 22:17 | Build | Palisade Wall |
| 22:34 | Create | Mangonel |
| 22:51 | Create | Mangonel |
| 22:56 | Create | Villager (Male) ×5 |
| 22:58 | Create | Villager (Male) ×5 |
| 22:58 | Create | Villager (Male) |
| 22:59 | Create | Villager (Male) |
| 23:04 | Build | Siege Workshop |
| 23:10 | Create | Villager (Male) ×2 |
| 23:35 | Create | Mangonel |
| 23:38 | Build | Siege Workshop |
| 23:42 | Create | Villager (Male) |
| 24:03 | Create | Mangonel |
| 24:14 | Build | Mill |
| 24:37 | Create | Villager (Male) |
| 24:38 | Create | Villager (Male) |
| 25:08 | Create | Villager (Male) ×2 |
| 25:35 | Create | Villager (Male) |
Build order — Leo
First 150 of 233 actions detected
| 0:01 | Create | Villager (Male) |
| 0:01 | Create | Villager (Male) |
| 0:03 | Build | House |
| 0:05 | Build | House |
| 0:25 | Create | Villager (Male) |
| 0:25 | Create | Villager (Male) |
| 1:31 | Create | Villager (Male) |
| 1:45 | Build | Lumber Camp |
| 1:58 | Create | Villager (Male) |
| 2:24 | Create | Villager (Male) |
| 2:57 | Research | Loom |
| 3:00 | Create | Villager (Male) |
| 3:00 | Create | Villager (Male) |
| 3:08 | Build | House |
| 3:38 | Create | Villager (Male) |
| 4:19 | Create | Villager (Male) |
| 4:29 | Create | Villager (Male) |
| 4:51 | Create | Villager (Male) |
| 4:52 | Create | Villager (Male) |
| 4:55 | Create | Villager (Male) |
| 4:55 | Create | Villager (Male) |
| 5:33 | Build | House |
| 5:44 | Create | Villager (Male) |
| 6:03 | Build | Mill |
| 6:15 | Create | Villager (Male) |
| 6:16 | Create | Villager (Male) |
| 7:14 | Create | Villager (Male) |
| 7:28 | Create | Villager (Male) |
| 7:29 | Create | Villager (Male) |
| 7:32 | Build | House |
| 8:09 | Create | Villager (Male) |
| 8:10 | Create | Villager (Male) |
| 9:39 | Create | Villager (Male) |
| 9:42 | Research | Feudal Age |
| 11:02 | Create | Villager (Male) |
| 11:14 | Build | Mining Camp |
| 11:52 | Age | Feudal Age |
| 12:01 | Build | Market |
| 12:07 | Build | Blacksmith |
| 12:21 | Create | Villager (Male) |
| 12:26 | Build | Lumber Camp |
| 12:35 | Build | House |
| 12:48 | Research | Double-Bit Axe |
| 13:10 | Research | Castle Age |
| 13:11 | Research | Castle Age |
| 13:40 | Build | Mining Camp |
| 14:36 | Create | Villager (Male) |
| 14:37 | Create | Villager (Male) |
| 14:49 | Create | Villager (Male) |
| 14:50 | Create | Villager (Male) |
| 15:33 | Build | House |
| 15:50 | Age | Castle Age |
| 15:54 | Build | Castle |
| 16:17 | Research | Horse Collar |
| 16:17 | Research | Horse Collar |
| 17:06 | Create | Villager (Male) |
| 17:09 | Build | House |
| 17:19 | Create | War Wagon |
| 17:39 | Create | War Wagon |
| 18:04 | Build | House |
| 18:13 | Build | Farm |
| 18:14 | Build | Farm |
| 18:15 | Build | Farm |
| 18:16 | Build | Farm |
| 18:17 | Build | Farm |
| 18:23 | Build | Farm |
| 18:27 | Build | Farm |
| 18:27 | Build | Farm |
| 18:33 | Build | Farm |
| 18:37 | Create | War Wagon |
| 18:37 | Create | War Wagon |
| 18:53 | Create | War Wagon |
| 18:57 | Build | Farm |
| 18:59 | Build | Farm |
| 19:02 | Build | Farm |
| 19:17 | Create | War Wagon |
| 19:31 | Build | Farm |
| 19:35 | Create | Villager (Male) |
| 19:43 | Create | War Wagon |
| 19:56 | Create | Villager (Male) |
| 19:56 | Create | Villager (Male) |
| 19:59 | Create | War Wagon |
| 20:15 | Create | War Wagon |
| 20:19 | Research | Fletching |
| 20:42 | Create | Villager (Male) |
| 20:44 | Create | War Wagon |
| 21:25 | Create | War Wagon |
| 21:25 | Create | War Wagon |
| 21:27 | Create | Villager (Male) |
| 21:27 | Create | Villager (Male) |
| 21:28 | Create | Villager (Male) |
| 21:49 | Create | Villager (Male) |
| 22:47 | Research | Bodkin Arrow |
| 22:48 | Create | Villager (Male) |
| 22:48 | Create | Villager (Male) |
| 23:22 | Create | War Wagon |
| 23:22 | Create | War Wagon |
| 23:22 | Create | War Wagon |
| 23:43 | Create | Villager (Male) |
| 23:43 | Create | Villager (Male) |
| 24:46 | Create | Villager (Male) |
| 24:47 | Create | Villager (Male) |
| 24:49 | Create | War Wagon |
| 24:49 | Create | War Wagon |
| 24:49 | Create | War Wagon |
| 24:49 | Create | War Wagon |
| 24:50 | Create | War Wagon |
| 25:01 | Build | University |
| 25:04 | Build | Mining Camp |
| 25:06 | Create | War Wagon |
| 26:18 | Create | War Wagon |
| 26:18 | Create | War Wagon |
| 26:32 | Create | Villager (Male) |
| 26:33 | Create | Villager (Male) |
| 26:33 | Create | Villager (Male) |
| 26:33 | Create | Villager (Male) |
| 26:33 | Create | Villager (Male) |
| 26:38 | Research | Ballistics |
| 26:47 | Build | Barracks |
| 27:19 | Create | Villager (Male) |
| 27:21 | Build | House |
| 27:22 | Build | House |
| 27:22 | Build | House |
| 27:22 | Build | House |
| 27:23 | Build | House |
| 27:23 | Build | House |
| 27:23 | Build | House |
| 27:24 | Build | House |
| 27:37 | Build | Lumber Camp |
| 28:02 | Create | Villager (Male) |
| 28:02 | Create | Villager (Male) |
| 28:03 | Create | Villager (Male) |
| 28:12 | Research | Bow Saw |
| 28:16 | Research | Wheelbarrow |
| 28:16 | Research | Loom |
| 28:17 | Create | Villager (Male) |
| 29:16 | Create | War Wagon |
| 29:16 | Create | War Wagon |
| 29:17 | Create | War Wagon |
| 29:18 | Create | War Wagon |
| 30:01 | Create | War Wagon |
| 30:01 | Create | War Wagon |
| 30:07 | Build | Siege Workshop |
| 30:27 | Build | Stable |
| 30:51 | Build | Siege Workshop |
| 30:57 | Research | Imperial Age |
| 30:57 | Research | Imperial Age |
| 33:04 | Create | Villager (Male) |
| 33:26 | Create | War Wagon |
| 33:26 | Create | War Wagon |
Build order — Aliskandar
First 150 of 455 actions detected
| 0:00 | Create | Villager (Male) |
| 0:02 | Build | House |
| 0:04 | Build | House |
| 0:19 | Create | Villager (Male) |
| 0:20 | Create | Villager (Male) |
| 0:20 | Create | Villager (Male) |
| 0:20 | Create | Villager (Male) |
| 1:25 | Create | Villager (Male) |
| 1:48 | Create | Villager (Male) |
| 1:55 | Build | Lumber Camp |
| 2:24 | Create | Villager (Male) |
| 2:58 | Create | Villager (Male) |
| 3:24 | Create | Villager (Male) |
| 3:24 | Create | Villager (Male) |
| 3:43 | Create | Villager (Male) |
| 3:55 | Build | House |
| 3:56 | Build | House |
| 3:56 | Build | House |
| 4:22 | Create | Villager (Male) |
| 4:33 | Build | Palisade Wall |
| 4:58 | Create | Villager (Male) |
| 4:59 | Create | Villager (Male) |
| 4:59 | Create | Villager (Male) |
| 5:08 | Build | Mill |
| 5:24 | Build | House |
| 6:03 | Create | Villager (Male) |
| 6:27 | Create | Villager (Male) |
| 6:57 | Research | Loom |
| 7:08 | Create | Villager (Male) |
| 7:16 | Build | Mining Camp |
| 7:38 | Research | Feudal Age |
| 8:35 | Build | Palisade Wall |
| 9:23 | Build | House |
| 9:37 | Create | Villager (Male) |
| 9:40 | Research | Loom |
| 9:40 | Create | Villager (Male) |
| 9:48 | Age | Feudal Age |
| 9:52 | Build | Watch Tower |
| 9:56 | Build | Watch Tower |
| 10:04 | Build | Blacksmith |
| 10:07 | Build | House |
| 10:12 | Create | Villager (Male) |
| 10:22 | Create | Villager (Male) |
| 10:28 | Create | Villager (Male) |
| 10:54 | Research | Fletching |
| 11:30 | Create | Villager (Male) |
| 11:41 | Research | Double-Bit Axe |
| 11:42 | Research | Horse Collar |
| 11:43 | Research | Horse Collar |
| 11:53 | Create | Villager (Male) |
| 12:04 | Create | Villager (Male) |
| 12:30 | Build | Barracks |
| 12:59 | Create | Villager (Male) |
| 13:04 | Create | Villager (Male) |
| 13:48 | Build | Stone Wall |
| 13:58 | Create | Villager (Male) |
| 14:10 | Build | Farm |
| 14:15 | Build | Farm |
| 14:16 | Build | Farm |
| 14:18 | Build | Farm |
| 14:18 | Build | Farm |
| 14:23 | Create | Villager (Male) |
| 14:36 | Build | Archery Range |
| 14:52 | Build | Farm |
| 15:07 | Create | Villager (Male) |
| 15:12 | Create | Villager (Male) |
| 15:35 | Build | Mining Camp |
| 15:48 | Create | Villager (Male) |
| 15:51 | Build | Farm |
| 16:23 | Create | Villager (Male) |
| 16:24 | Research | Town Watch |
| 16:31 | Build | Watch Tower |
| 16:35 | Build | Watch Tower |
| 16:39 | Create | Villager (Male) |
| 17:13 | Create | Archer |
| 17:17 | Create | Villager (Male) |
| 17:43 | Create | Archer |
| 17:50 | Build | Farm |
| 17:52 | Build | Farm |
| 17:56 | Build | Farm |
| 17:57 | Build | Farm |
| 17:58 | Build | Farm |
| 17:59 | Create | Villager (Male) |
| 18:02 | Create | Archer |
| 18:24 | Create | Archer |
| 18:31 | Create | Villager (Male) |
| 18:33 | Build | Farm |
| 18:35 | Build | Farm |
| 18:59 | Create | Villager (Male) |
| 19:11 | Build | Farm |
| 19:17 | Create | Villager (Male) |
| 19:27 | Build | Stone Wall |
| 19:52 | Research | Castle Age |
| 19:52 | Research | Castle Age |
| 19:58 | Research | Gold Mining |
| 20:11 | Build | Farm |
| 20:18 | Create | Archer |
| 20:52 | Create | Archer |
| 20:57 | Build | Farm |
| 21:04 | Build | House |
| 21:15 | Build | House |
| 21:24 | Create | Archer |
| 21:29 | Create | Archer |
| 21:42 | Research | Stone Mining |
| 21:42 | Research | Stone Mining |
| 21:48 | Build | House |
| 21:52 | Create | Villager (Male) |
| 21:57 | Build | House |
| 22:05 | Build | House |
| 22:32 | Age | Castle Age |
| 22:43 | Build | Town Center |
| 22:58 | Create | Spearman |
| 23:05 | Create | Villager (Male) |
| 23:07 | Create | Villager (Male) |
| 23:11 | Create | Archer |
| 23:17 | Research | Crossbowman (upgrade) |
| 23:33 | Build | Farm |
| 23:34 | Create | Villager (Male) |
| 23:39 | Create | Villager (Male) |
| 24:28 | Create | Villager (Male) |
| 24:28 | Create | Villager (Male) |
| 24:31 | Create | Villager (Male) |
| 24:34 | Build | Farm |
| 24:36 | Build | Farm |
| 24:55 | Create | Villager (Male) |
| 24:59 | Create | Archer |
| 25:00 | Create | Archer |
| 25:07 | Create | Villager (Male) |
| 25:11 | Build | Siege Workshop |
| 25:23 | Create | Villager (Male) |
| 25:26 | Build | Town Center |
| 25:28 | Create | Villager (Male) |
| 25:28 | Create | Villager (Male) |
| 25:50 | Create | Villager (Male) |
| 25:54 | Create | Villager (Male) |
| 25:55 | Create | Villager (Male) |
| 26:16 | Create | Villager (Male) |
| 26:22 | Create | Villager (Male) |
| 26:24 | Create | Villager (Male) |
| 26:24 | Create | Villager (Male) |
| 26:32 | Create | Villager (Male) |
| 26:35 | Create | Villager (Male) |
| 26:35 | Create | Villager (Male) |
| 26:41 | Create | Villager (Male) |
| 26:54 | Create | Villager (Male) |
| 27:04 | Build | House |
| 27:05 | Build | House |
| 27:05 | Build | House |
| 27:05 | Build | House |
| 27:05 | Build | House |
Build order — Deckard Cain
First 150 of 355 actions detected
| 0:01 | Create | Villager (Male) |
| 0:01 | Create | Villager (Male) |
| 0:01 | Create | Villager (Male) |
| 0:02 | Build | House |
| 0:04 | Build | House |
| 0:09 | Create | Villager (Male) |
| 0:09 | Create | Villager (Male) |
| 1:29 | Create | Villager (Male) |
| 1:29 | Create | Villager (Male) |
| 1:56 | Create | Villager (Male) |
| 2:28 | Create | Villager (Male) |
| 2:44 | Create | Villager (Male) |
| 2:47 | Create | Villager (Male) |
| 3:06 | Build | Lumber Camp |
| 3:37 | Create | Villager (Male) |
| 3:49 | Build | House |
| 4:02 | Create | Villager (Male) |
| 4:36 | Create | Villager (Male) |
| 4:57 | Create | Villager (Male) |
| 5:13 | Create | Villager (Male) |
| 5:20 | Build | Mill |
| 5:29 | Build | House |
| 5:44 | Create | Villager (Male) |
| 6:15 | Create | Villager (Male) |
| 6:22 | Create | Villager (Male) |
| 6:29 | Create | Villager (Male) |
| 6:29 | Create | Villager (Male) |
| 6:57 | Create | Villager (Male) |
| 7:37 | Create | Villager (Male) |
| 7:42 | Build | House |
| 8:44 | Create | Villager (Male) |
| 8:44 | Research | Feudal Age |
| 9:03 | Build | Mining Camp |
| 9:35 | Build | Farm |
| 9:37 | Build | Farm |
| 9:58 | Build | Farm |
| 10:29 | Create | Villager (Male) |
| 11:00 | Age | Feudal Age |
| 11:08 | Research | Loom |
| 11:16 | Build | Market |
| 11:30 | Build | Blacksmith |
| 11:40 | Create | Villager (Male) |
| 12:14 | Research | Double-Bit Axe |
| 12:19 | Research | Horse Collar |
| 12:44 | Create | Villager (Male) |
| 12:53 | Research | Castle Age |
| 13:26 | Build | Barracks |
| 13:55 | Create | Spearman |
| 14:05 | Build | House |
| 14:24 | Create | Spearman |
| 14:37 | Build | House |
| 15:12 | Build | House |
| 15:13 | Create | Villager (Male) |
| 15:14 | Create | Villager (Male) |
| 15:20 | Build | Lumber Camp |
| 15:43 | Create | Villager (Male) |
| 15:49 | Age | Castle Age |
| 15:55 | Create | Villager (Male) |
| 16:07 | Build | Siege Workshop |
| 16:10 | Create | Villager (Male) |
| 16:19 | Build | Farm |
| 16:22 | Build | Farm |
| 16:24 | Build | Farm |
| 16:37 | Build | Mining Camp |
| 16:50 | Create | Mangonel |
| 16:55 | Build | House |
| 16:59 | Create | Villager (Male) |
| 17:15 | Create | Battering Ram |
| 17:37 | Create | Spearman |
| 17:41 | Create | Villager (Male) |
| 18:01 | Create | Scorpion |
| 18:05 | Build | House |
| 18:10 | Build | Farm |
| 18:25 | Create | Scorpion |
| 18:29 | Build | House |
| 18:34 | Build | Farm |
| 19:07 | Create | Scorpion |
| 19:18 | Create | Villager (Male) |
| 19:18 | Create | Villager (Male) |
| 19:43 | Build | Siege Workshop |
| 19:45 | Create | Scorpion |
| 19:50 | Create | Villager (Male) |
| 19:52 | Build | Farm |
| 19:55 | Research | Gold Mining |
| 20:05 | Research | Scale Mail Armor |
| 20:08 | Create | Spearman |
| 20:09 | Create | Spearman |
| 20:20 | Create | Mangonel |
| 20:22 | Build | House |
| 20:32 | Create | Villager (Male) |
| 20:35 | Research | Gold Shaft Mining |
| 21:04 | Build | House |
| 21:17 | Create | Villager (Male) |
| 21:18 | Research | Wheelbarrow |
| 21:52 | Create | Mangonel |
| 21:54 | Create | Scorpion |
| 22:11 | Create | Villager (Male) |
| 22:11 | Create | Villager (Male) |
| 22:56 | Build | Castle |
| 23:08 | Build | Farm |
| 23:10 | Create | Villager (Male) |
| 23:10 | Create | Villager (Male) |
| 23:16 | Create | Spearman |
| 23:16 | Create | Spearman |
| 24:19 | Research | Chain Mail Armor |
| 24:21 | Research | Pikeman (upgrade) |
| 24:22 | Create | Villager (Male) |
| 24:22 | Create | Villager (Male) |
| 24:26 | Build | Town Center |
| 25:08 | Build | Mining Camp |
| 25:10 | Create | Villager (Male) |
| 25:10 | Create | Villager (Male) |
| 25:12 | Build | Farm |
| 25:19 | Create | Spearman |
| 25:19 | Create | Spearman |
| 25:41 | Create | Villager (Male) |
| 25:41 | Create | Villager (Male) |
| 25:44 | Build | Farm |
| 25:55 | Build | Town Center |
| 26:28 | Create | Woad Raider |
| 26:28 | Create | Woad Raider |
| 26:33 | Create | Woad Raider |
| 26:41 | Build | Farm |
| 26:41 | Build | Farm |
| 26:44 | Build | Farm |
| 26:44 | Build | Farm |
| 26:44 | Build | Farm |
| 26:50 | Create | Villager (Male) |
| 26:51 | Create | Villager (Male) |
| 26:51 | Create | Villager (Male) |
| 26:55 | Build | Farm |
| 27:23 | Create | Woad Raider |
| 27:23 | Create | Woad Raider |
| 27:32 | Create | Villager (Male) |
| 27:34 | Build | Farm |
| 27:34 | Build | Farm |
| 27:34 | Build | Farm |
| 27:35 | Build | Farm |
| 27:35 | Build | Farm |
| 27:39 | Build | Farm |
| 27:41 | Create | Villager (Male) |
| 27:41 | Build | Farm |
| 27:48 | Build | Farm |
| 27:49 | Build | Farm |
| 28:05 | Create | Scorpion |
| 28:05 | Create | Scorpion |
| 28:06 | Create | Scorpion |
| 28:07 | Create | Scorpion |
| 28:13 | Build | Farm |
| 28:14 | Create | Villager (Male) |
Match timeline
| 4:33 | Aliskandar · wall_segment Palisade Wall x1 |
| 8:35 | Aliskandar · wall_segment Palisade Wall x1 |
| 8:35 | True-Name aka tizteezy · age_up feudal |
| 8:40 | alexgelas · age_up feudal |
| 9:44 | BARAKA wins! · age_up feudal |
| 9:48 | Aliskandar · age_up feudal |
| 10:06 | jude · age_up feudal |
| 10:34 | HaNnibal · age_up feudal |
| 11:00 | Deckard Cain · age_up feudal |
| 11:52 | Leo · age_up feudal |
| 12:30 | Aliskandar · first_building Barracks |
| 13:07 | Leo · first_market_sell 100 stone |
| 13:16 | HaNnibal · age_up castle |
| 13:26 | Deckard Cain · first_building Barracks |
| 13:39 | jude · age_up castle |
| 13:48 | Aliskandar · wall_segment Stone Wall x2 |
| 14:36 | Aliskandar · first_building Archery Range |
| 14:39 | jude · first_market_buy 100 wood |
| 14:53 | alexgelas · first_building Barracks |
| 15:49 | Deckard Cain · age_up castle |
| 15:50 | Leo · age_up castle |
| 15:54 | Leo · first_building Castle |
| 15:55 | alexgelas · first_building Stable |
| 16:07 | Deckard Cain · first_building Siege Workshop |
| 18:22 | HaNnibal · first_building Siege Workshop |
| 18:44 | BARAKA wins! · first_building Barracks |
| 19:16 | jude · wall_segment Stone Wall x6 |
| 19:25 | jude · first_building Siege Workshop |
| 19:27 | Aliskandar · wall_segment Stone Wall x1 |
| 19:50 | BARAKA wins! · first_building Stable |
| 19:57 | alexgelas · age_up castle |
| 20:55 | True-Name aka tizteezy · first_market_sell 100 food |
| 21:03 | jude · first_building Barracks |
| 21:15 | BARAKA wins! · age_up castle |
| 21:44 | jude · first_market_sell 100 wood |
| 22:16 | jude · wall_segment Palisade Wall x1 |
| 22:17 | jude · wall_segment Palisade Wall x1 |
| 22:22 | True-Name aka tizteezy · first_building Barracks |
| 22:32 | Aliskandar · age_up castle |
| 22:52 | True-Name aka tizteezy · first_market_buy 100 wood |
| 22:55 | True-Name aka tizteezy · first_building Archery Range |
| 22:56 | Deckard Cain · first_building Castle |
| 22:59 | True-Name aka tizteezy · first_building Stable |
| 23:40 | True-Name aka tizteezy · age_up castle |
| 24:45 | BARAKA wins! · first_market_buy 100 wood |
| 24:47 | HaNnibal · first_building Monastery |
| 25:04 | BARAKA wins! · first_building Siege Workshop |
| 25:11 | Aliskandar · first_building Siege Workshop |
| 25:47 | BARAKA wins! · first_market_sell 100 food |
| 26:05 | HaNnibal · tribute_sent a jugador 1 |
| 26:05 | HaNnibal · tribute_sent a jugador 2 |
| 26:05 | HaNnibal · tribute_sent a jugador 4 |
| 26:05 | HaNnibal · tribute_sent a jugador 5 |
| 26:05 | HaNnibal · tribute_sent a jugador 6 |
| 26:05 | HaNnibal · tribute_sent a jugador 7 |
| 26:05 | HaNnibal · tribute_sent a jugador 8 |
| 26:47 | Leo · first_building Barracks |
| 27:28 | HaNnibal · first_market_sell 100 wood |
| 27:29 | HaNnibal · first_market_buy 100 stone |
| 27:35 | HaNnibal · first_building Castle |
| 27:35 | BARAKA wins! · first_building Castle |
| 28:14 | jude · first_building Castle |
| 28:26 | Deckard Cain · wall_segment Palisade Wall x1 |
| 28:30 | Aliskandar · wall_segment Stone Wall x1 |
| 29:00 | HaNnibal · age_up imperial |
| 29:31 | alexgelas · first_building Castle |
| 30:07 | Leo · first_building Siege Workshop |
| 30:20 | Deckard Cain · wall_segment Palisade Wall x1 |
| 30:27 | Leo · first_building Stable |
| 31:12 | Aliskandar · first_building Castle |
| 31:40 | BARAKA wins! · first_building Monastery |
| 32:31 | Deckard Cain · first_market_sell 100 food |
| 33:02 | alexgelas · first_building Siege Workshop |
| 33:14 | jude · age_up imperial |
| 33:32 | Aliskandar · first_market_buy 100 food |
| 34:07 | Leo · age_up imperial |
| 34:57 | HaNnibal · first_building Stable |
| 35:48 | Deckard Cain · age_up imperial |
| 36:04 | BARAKA wins! · tribute_sent a jugador 2 |
| 36:04 | BARAKA wins! · tribute_sent a jugador 3 |
| 36:04 | BARAKA wins! · tribute_sent a jugador 4 |
| 36:04 | BARAKA wins! · tribute_sent a jugador 5 |
| 36:04 | BARAKA wins! · tribute_sent a jugador 6 |
| 36:04 | BARAKA wins! · tribute_sent a jugador 7 |
| 36:04 | BARAKA wins! · tribute_sent a jugador 8 |
| 36:46 | Aliskandar · age_up imperial |
| 37:28 | True-Name aka tizteezy · wall_segment Stone Wall x13 |
| 39:16 | jude · wall_segment Stone Wall x1 |
| 39:33 | Aliskandar · first_market_sell 100 food |
| 40:22 | True-Name aka tizteezy · wall_segment Stone Wall x1 |
| 40:23 | alexgelas · age_up imperial |
| 40:25 | True-Name aka tizteezy · wall_segment Stone Wall x1 |
| 41:40 | Aliskandar · tribute_sent a jugador 1 |
| 41:40 | Aliskandar · tribute_sent a jugador 2 |
| 41:40 | Aliskandar · tribute_sent a jugador 3 |
| 41:40 | Aliskandar · tribute_sent a jugador 4 |
| 41:40 | Aliskandar · tribute_sent a jugador 5 |
| 41:40 | Aliskandar · tribute_sent a jugador 6 |
| 41:40 | Aliskandar · tribute_sent a jugador 8 |
| 42:02 | HaNnibal · tribute_sent a jugador 1 |
| 42:02 | HaNnibal · tribute_sent a jugador 2 |
| 42:02 | HaNnibal · tribute_sent a jugador 4 |
| 42:02 | HaNnibal · tribute_sent a jugador 5 |
| 42:02 | HaNnibal · tribute_sent a jugador 6 |
| 42:02 | HaNnibal · tribute_sent a jugador 7 |
| 42:02 | HaNnibal · tribute_sent a jugador 8 |
| 42:45 | Aliskandar · tribute_sent a jugador 1 |
| 42:45 | Aliskandar · tribute_sent a jugador 2 |
| 42:45 | Aliskandar · tribute_sent a jugador 3 |
| 42:45 | Aliskandar · tribute_sent a jugador 4 |
| 42:45 | Aliskandar · tribute_sent a jugador 5 |
| 42:45 | Aliskandar · tribute_sent a jugador 6 |
| 42:45 | Aliskandar · tribute_sent a jugador 8 |
| 43:40 | Deckard Cain · wall_segment Stone Wall x1 |
| 44:39 | True-Name aka tizteezy · resign |
[ AI ANALYSIS · 1 CREDIT ]
What really happened in this match?
Wolo.gg analyzes every decision: build order, eco, micro, common mistakes by bracket. Personalized analysis on WhatsApp or Discord in 30 seconds.
Civ guide
Teutons
Map guide
Arena
Perfil
True-Name aka tizteezy